 Dungeon Crawl Stone Soup version 0.31-a0-95-g6fa058ef04 (webtiles) character file.

Game seed: 11331491238990540313

34402 Drazool the Marksant (level 14, 0/81 HPs)
             Began as a Formicid Hunter on May 26, 2023.
             Was an Elder of Hepliaklqana.
             Killed from afar by a frost giant (5 damage)
             ... with a bolt of cold
             ... in an ice cave.
             The game lasted 00:49:51 (15552 turns).

Drazool the Marksant (Formicid Hunter)             Turns: 15552, Time: 00:49:51

Health: 0/81       AC:  8    Str: 22    XL:     14   Next: 13%
Magic:  14/14      EV: 12    Int: 10    God:    Hepliaklqana [****..]
Gold:   1091       SH: 22    Dex: 21    Spells: 13/13 levels left

rFire   . . .        b - +7 Throatcutter {drain, coup de grace}
rCold   + + .        t - +2 kite shield
rNeg    . . .        w - +0 steam dragon scales
rPois   .            (helmet unavailable)
rElec   .            T - scarf {rC+ rF+}
rCorr   .            y - +0 pair of gloves
SInv    +            (no boots)
Will    +....        k - amulet of reflection
Stlth   ++           S - +6 ring of strength
HPRegen 0.33/turn    C - ring of ice
MPRegen 0.14/turn

%: reflection
@: no status effects
A: reduced essence, permanent stasis, dig shafts and tunnels, antennae 3, four
strong arms
a: Dig, Renounce Religion, Recall Ancestor, Ancestor Identity, Transference,
Idealise


You were in an ice cave.
You worshipped Hepliaklqana.
Hepliaklqana was greatly pleased with you.
You visited 3 branches of the dungeon, and saw 16 of its levels.
You also visited: Ice Cave.

You collected 1091 gold pieces.


Innate Abilities, Weirdness & Mutations

Your life essence is reduced to manifest your ancestor. (-10% HP)
You cannot be hasted, slowed, berserked, paralysed or teleported.
You can dig through walls and to a lower floor.
You have a pair of large antennae on your head. (SInv)
Your four strong arms can wield two-handed weapons with a shield.


   Skills:
 - Level 2.1 Fighting
 - Level 6.1 Long Blades
 - Level 16.9 Ranged Weapons
 + Level 8.5 Armour
 - Level 1.7 Dodging
 - Level 1.2 Stealth
 - Level 16.4 Shields


You had 13 spell levels left.
You didn't know any spells.
Your spell library contained the following spells:

 Spells                   Type           Power      Damage    Failure   Level
 Apportation              Tloc           0%         N/A       50%         1
 Magic Dart               Conj           0%         1d3       50%         1
 Necrotise                Necr           0%         1d4       50%         1
 Summon Small Mammal      Summ           0%         N/A       50%         1
 Call Imp                 Summ           0%         N/A       63%         2
 Cigotuvi's Dreadful Rot  Necr/Pois/Air  0%         N/A       63%         2
 Lesser Beckoning         Tloc           0%         N/A       63%         2
 Static Discharge         Conj/Air       0%         2-2/arc   63%         2
 Call Canine Familiar     Summ           0%         N/A       86%         3
 Gell's Gravitas          Tloc           0%         N/A       86%         3
 Mephitic Cloud           Conj/Pois/Air  0%         N/A       86%         3
 Portal Projectile        Hex/Tloc       0%         N/A       86%         3
 Summon Guardian Golem    Hex/Summ       0%         N/A       86%         3
 Teleport Other           Tloc           0%         N/A       86%         3
 Airstrike                Air            0%         2d(0-16)  99%         4
 Animate Armour           Summ/Erth      0%         N/A       99%         4
 Dispel Undead            Necr           0%         3d6       99%         4
 Leda's Liquefaction      Hex/Erth       0%         N/A       99%         4
 Summon Lightning Spire   Summ/Air       0%         N/A       99%         4
 Alistair's Intoxication  Tmut/Pois      0%         N/A       100%        5
 Blade Hands              Tmut           0%         N/A       100%        5
 Borgnjor's Vile Clutch   Necr/Erth      0%         N/A       100%        5
 Summon Forest            Summ/Tloc      0%         N/A       100%        5
 Death Channel            Necr           0%         N/A       100%        6
 Eringya's Noxious Bog    Tmut/Pois      0%         N/A       100%        6
 Orb of Destruction       Conj           0%         9d5       100%        7
 Spellforged Servitor     Conj/Summ      0%         N/A       100%        7
 Summon Hydra             Summ           0%         N/A       100%        7

Inventory:

Hand Weapons
 a - a +0 orcbow
 b - the +7 Throatcutter (weapon) {drain, coup de grace}
   (You found it on level 3 of the Dungeon)
 E - a +0 shortbow
Armour
 c - a +0 leather armour
 e - a +1 cloak
 m - a scarf of shadows
 t - a +2 kite shield (worn)
 w - +0 steam dragon scales (worn)
 y - a +0 pair of gloves (worn)
 z - a +0 kite shield of reflection
 K - a +0 ring mail of cold resistance
 T - a scarf of resistance (worn)
Magical Staves
 g - a staff of earth {!a}
 h - a staff of fire {!a}
Jewellery
 f - a ring of protection from fire
 k - an amulet of reflection (around neck)
 p - an amulet of faith {!P}
 C - a ring of ice (right hand)
 F - a ring of fire
 H - an amulet of guardian spirit
 S - a +6 ring of strength (left hand)
 Z - a ring of wizardry
Wands
 l - a wand of roots (14)
 r - a wand of mindburst (11)
 x - a wand of charming (9)
 I - a wand of flame (2)
 N - a wand of digging (7)
Scrolls
 i - 4 scrolls of immolation
 j - a scroll of enchant weapon
 o - 3 scrolls of magic mapping
 q - 3 scrolls of fog
 u - 6 scrolls of vulnerability
 A - a scroll of poison
 P - a scroll of amnesia
 R - a scroll of enchant armour
 U - a scroll of identify {@r1}
Potions
 d - a potion of cancellation
 n - 2 potions of brilliance
 s - 3 potions of lignification
 v - 6 potions of curing {@q1}
 B - 2 potions of magic
 D - a potion of resistance {unknown}
 G - 2 potions of ambrosia
 J - a potion of might
 L - a potion of degeneration {unknown}
 M - a potion of haste {@q3}
 O - 2 potions of mutation
Miscellaneous
 Q - a piece from Xom's chessboard (15/15)

Dungeon Overview and Level Annotations

Branches:
Dungeon (12/15)            Temple (1/1) D:5            Lair (3/5) D:11
 Shoals (0/4) Lair:2       Spider (0/4) Lair:3          Orc (0/2) D:11
  IceCv (1/1)

Altars:
Ashenzari
Cheibriados
Dithmenos
Elyvilon
Fedhas
Gozag
Hepliaklqana
Kikubaaqudgha
Makhleb
Nemelex Xobeh
Okawaru
Qazlal
Ru
Sif Muna
Trog
Uskayaw
Vehumet
Wu Jian
Xom
Yredelemnul
Zin
The Shining One

Annotations:
D:9 3 runed translucent doors, thug444's ghost, novice TrTm

#C# #.. #h.##
#..# ##.#
#hh# #Yh#
#C## #@# ##.#
#..## #...##
#.# #.○§.##
..## #...☼.#
##.#. #.§°§.#
###
#..#.##°○§§##
######.#
#...~#☼§○☼§.#
##.##...#


You could see a frost giant (drained), a death yak, 2 polar bears and a wolf.


Message History

You block the wolf's attack.
You slash the wolf!
You behead the wolf!
You kill the wolf!
The frost giant gestures at you while chanting.
The bolt of cold misses you.
You slash the frost giant!
The frost giant is lightly wounded.
The frost giant gestures at you while chanting.
The bolt of cold hits you! You resist.
The frost giant hits you with a +0 battleaxe of freezing!!!
Ouch! That really hurt!
* * * LOW HITPOINT WARNING * * *
The frost giant freezes you.
* * * LOW HITPOINT WARNING * * *
You slash the frost giant! You drain the frost giant.
The frost giant is moderately wounded.
You block the frost giant's attack.
You hit the frost giant but do no damage.
You drain the frost giant.
The frost giant is moderately wounded.
You block the frost giant's attack.
You slash the frost giant! You drain the frost giant.
The frost giant is heavily wounded.
You block the frost giant's attack.
Unknown command.
You hit the frost giant.
The frost giant is heavily wounded.
The frost giant gestures at you while chanting.
The bolt of cold hits you. You resist.
You die...

Skill      XL: |  1  2  3  4  5  6  7  8  9 10 11 12 13 14 |
---------------+-------------------------------------------+-----
Ranged Weapons | 5 6 9 11 13 15 16 | 16.9
Long Blades    | 2 4 6 |  6.1
Shields        | 3 5 8 10 11 13 15 16 | 16.4
Armour         | 7 8 |  8.5
Fighting       | |  2.1
Dodging        | |  1.7
Stealth        | |  1.2

Action                     |  1- 3 |  4- 6 |  7- 9 | 10-12 | 13-15 || total
---------------------------+-------+-------+-------+-------+-------++-------
  Melee: Long sword        |       |    37 |    51 |   121 |    88 ||   297
         Shortbow          |       |     4 |       |       |       ||     4
   Fire: Shortbow          |    86 |   161 |   227 |   364 |       ||   838
         Orcbow            |       |       |       |   413 |   430 ||   843
 Invoke: Recall Ancestor   |       |       |     2 |     5 |     3 ||    10
         Ancestor Identity |       |       |     1 |       |       ||     1
         Ancestor Life: Kn |       |       |       |     1 |       ||     1
         Idealise          |       |       |       |       |     2 ||     2
Ability: Dig               |     4 |     4 |     1 |     4 |       ||    13
  Evoke: Wand              |       |       |       |     1 |       ||     1
    Use: Scroll            |     4 |     4 |     3 |     6 |     5 ||    22
         Potion            |       |     4 |       |     2 |       ||     6
   Stab: Distracted        |       |       |       |       |     1 ||     1
 Armour: Leather armour    |    13 |    20 |    10 |       |       ||    43
         Steam dragon scal |       |       |       |    27 |    16 ||    43
  Dodge: Dodged            |    44 |    60 |    17 |    36 |    27 ||   184
  Block: Other             |       |     8 |       |       |       ||     8
         Kite shield       |       |    16 |    51 |   208 |   119 ||   394
         Reflection        |       |       |       |    14 |     8 ||    22

Levels and vault maps discovered:
D:1:      dpeg_arrival_orchard, layout_loops_ring, kennysheep_boxes
D:2:      layout_basic
D:3:      layout_loops_cross, mainiacjoe_overflow_tiny_flanked, uniq_robin
D:4:      layout_rooms, mainiacjoe_overflow_concentric_impassable
D:5:      layout_basic, nicolae_hepliaklqana_hippocampus, temple_fountains,
          minmay_hedge_maze, kennysheep_cluttered_room
D:6:      layout_loops_ring
D:7:      lemuel_castle_with_subvaults [lemuel_castle_interior_carwin_2],
          layout_loops_ring, mainiacjoe_overflow_swirl, uniq_prince_ribbit1
D:8:      layout_basic, xom_shifter_show, minmay_crystal_room,
          kennysheep_island_fort, uniq_grum, uniq_psyche, uniq_amaemon,
          uniq_maurice
D:9:      layout_irregular_city, grunt_temple_overflow_holy_war,
          mainiacjoe_overflow_surrounded_room,
          nicolae_uskayaw_murder_on_the_dancefloor, gammafunk_ghost_spectres,
          reono_crystal_passage, roderic_batcave, minmay_misc_feat_ornament
D:10:     layout_stronghold, nicolae_qazlal_scattered_showers, serial_ice,
          serial_ice_f, serial_ice_i, serial_ice_c, serial_ice_g
D:11:     layout_irregular_city, erik_lair_orcish_takeover, zombieorc2_lemuel,
          roderic_st_hans_cross, minmay_misc_feat_tower
D:12:     minmay_swirls_squares, layout_loops_ring, minmay_nine_imps, uniq_snorg
Temple:   hellmonk_temple_of_storms
Lair:1:   layout_gridlike, nicolae_quartered_pool_super
Lair:2:   mu_elephants_graveyard, layout_small_grid, shoals_dummy_entry,
          gammafunk_lair_bear_cave, uniq_fannar
Lair:3:   layout_regular_city, hellmonk_spider_entry_not_the_bees,
          portal_ice_cave_entry_ice_simulacra, kennysheep_basilisk_garden
IceCv:    ice_cave_caverns_03

Notes
Turn   | Place    | Note
-------+----------+-------------------------------------------
     0 | D:1      | Drazool the Formicid Hunter began the quest for the Orb.
     0 | D:1      | Reached XP level 1. HP: 16/16 MP: 1/1
    43 | D:1      | Reached XP level 2. HP: 16/22 MP: 2/2
   154 | D:1      | Reached skill level 5 in Ranged Weapons
   154 | D:1      | Reached XP level 3. HP: 27/27 MP: 3/3
   826 | D:2      | Reached XP level 4. HP: 15/33 MP: 4/4
  1168 | D:2      | Reached skill level 6 in Ranged Weapons
  1168 | D:2      | Reached XP level 5. HP: 12/38 MP: 5/5
  2031 | D:3      | Found the +7 Throatcutter {drain, coup de grace}
  2060 | D:3      | Noticed Robin
  2074 | D:3      | Killed Robin
  2147 | D:3      | Reached XP level 6. HP: 37/44 MP: 6/6
  2344 | D:3      | Found a snail-covered altar of Cheibriados.
  2393 | D:3      | Reached skill level 1 in Long Blades
  2393 | D:3      | Reached skill level 1 in Shields
  2577 | D:4      | Found an ornate altar of the Wu Jian Council.
  2649 | D:4      | Noticed a black bear
  2783 | D:4      | Reached skill level 2 in Shields
  2810 | D:4      | Reached skill level 2 in Long Blades
  3029 | D:4      | Reached skill level 3 in Shields
  3029 | D:4      | Reached XP level 7. HP: 47/48 MP: 7/7
  3073 | D:4      | Reached skill level 3 in Long Blades
  3073 | D:4      | Reached skill level 4 in Shields
  3377 | D:5      | Entered Level 5 of the Dungeon
  3606 | D:5      | Found a hazy altar of Hepliaklqana.
  3611 | D:5      | Became a worshipper of Hepliaklqana the Forgotten
  3771 | D:5      | Reached skill level 5 in Shields
  3796 | D:5      | Reached skill level 4 in Long Blades
  3796 | D:5      | Reached XP level 8. HP: 56/56 MP: 8/8
  3963 | D:5      | Found a staircase to the Ecumenical Temple.
  4029 | Temple   | Entered the Ecumenical Temple
  4499 | D:6      | Reached skill level 6 in Shields
  4516 | D:6      | Reached skill level 5 in Long Blades
  4605 | D:6      | Reached * piety under Hepliaklqana
  4623 | D:6      | Reached skill level 7 in Shields
  4863 | D:6      | Reached skill level 6 in Long Blades
  4863 | D:6      | Reached skill level 8 in Shields
  4863 | D:6      | Reached XP level 9. HP: 54/54 MP: 9/9
  5097 | D:6      | Reached skill level 7 in Ranged Weapons
  5547 | D:7      | Reached skill level 8 in Ranged Weapons
  5547 | D:7      | Reached skill level 9 in Shields
  5660 | D:7      | Found an opulent altar of Gozag.
  5669 | D:7      | Found a burning altar of Makhleb.
  5941 | D:7      | Reached skill level 9 in Ranged Weapons
  5977 | D:7      | Noticed Prince Ribbit
  5984 | D:7      | Killed Prince Ribbit
  5985 | D:7      | Reached skill level 10 in Shields
  5985 | D:7      | Reached XP level 10. HP: 60/60 MP: 10/10
  6048 | D:7      | HP: 6/60 [orc priest/divine providence (16)]
  6079 | D:7      | Reached skill level 10 in Ranged Weapons
  6382 | D:7      | Reached skill level 11 in Shields
  6777 | D:7      | Reached skill level 11 in Ranged Weapons
  6991 | D:7      | Noticed a komodo dragon
  7003 | D:7      | Killed a komodo dragon
  7115 | D:8      | Found a shimmering altar of Xom.
  7157 | D:8      | Noticed Grum
  7168 | D:8      | Killed Grum
  7405 | D:8      | Reached ** piety under Hepliaklqana
  7406 | D:8      | Remembered your ancestor Marge Gunderson as a knight
  7412 | D:8      | Noticed Psyche
  7423 | D:8      | Killed Psyche
  7424 | D:8      | Reached XP level 11. HP: 59/64 MP: 11/11
  7443 | D:8      | Reached skill level 12 in Shields
  7619 | D:8      | Noticed Maurice
  7700 | D:8      | Reached skill level 12 in Ranged Weapons
  7759 | D:8      | Killed Maurice
  7905 | D:8      | Noticed Amaemon
  7953 | D:8      | Killed Amaemon
  8121 | D:8      | Found a shimmering altar of Xom.
  8161 | D:8      | Found a shimmering altar of Xom.
  8162 | D:8      | Found a shimmering altar of Xom.
  8163 | D:8      | Found a shimmering altar of Xom.
  8163 | D:8      | Found a shimmering altar of Xom.
  8163 | D:8      | Found a shimmering altar of Xom.
  8211 | D:8      | Noticed a green ugly thing
  8230 | D:8      | Identified the +1 rapier of the Distant Future {vamp, *Slow
                  | +Blink Int-4 Stlth+}
  8259 | D:8      | Noticed a glowing orange brain
  8260 | D:8      | Noticed a sea snake
  8720 | D:9      | Found a bloodstained altar of Trog.
  8726 | D:9      | Noticed a two-headed ogre
  8735 | D:9      | Killed a two-headed ogre
  8736 | D:9      | Reached skill level 13 in Ranged Weapons
  8736 | D:9      | Reached skill level 13 in Shields
  8975 | D:9      | Found a hide-covered altar of Uskayaw.
  9019 | D:9      | Reached *** piety under Hepliaklqana
  9172 | D:9      | Found a glowing golden altar of the Shining One.
  9180 | D:9      | Found a basalt altar of Yredelemnul.
  9183 | D:9      | Noticed a profane servitor
  9305 | D:9      | Found a runed translucent gate.
  9305 | D:9      | Found a runed translucent gate.
  9305 | D:9      | Found a runed translucent gate.
  9310 | D:9      | Noticed thug444's ghost (novice TrTm)
  9344 | D:9      | Noticed an angel
  9418 | D:10     | Entered Level 10 of the Dungeon
  9807 | D:10     | Noticed a manticore
  9816 | D:10     | Killed a manticore
 10442 | D:10     | Found a stormy altar of Qazlal.
 10665 | D:10     | Reached XP level 12. HP: 70/70 MP: 12/12
 10701 | D:10     | Noticed a sixfirhy
 10715 | D:10     | Noticed a sun demon
 10716 | D:10     | Reached skill level 14 in Ranged Weapons
 10896 | D:11     | Reached skill level 14 in Shields
 11281 | D:11     | Found a staircase to the Orcish Mines.
 11573 | D:11     | Reached **** piety under Hepliaklqana
 11729 | D:11     | Found a staircase to the Lair.
 12062 | D:12     | Reached skill level 15 in Ranged Weapons
 12112 | D:12     | Noticed a boulder beetle
 12121 | D:12     | Noticed a tengu warrior
 12133 | D:12     | Identified the +4 sling "Cuucemat" {elec, Int+5}
 12299 | Lair:1   | Entered Level 1 of the Lair of Beasts
 12400 | Lair:1   | Reached skill level 15 in Shields
 12618 | Lair:1   | Reached XP level 13. HP: 56/74 MP: 13/13
 13331 | Lair:2   | Reached skill level 16 in Ranged Weapons
 13565 | Lair:2   | Reached skill level 16 in Shields
 13832 | Lair:2   | Reached ***** piety under Hepliaklqana
 13887 | Lair:2   | Found a staircase to the Shoals.
 14013 | Lair:2   | Reached skill level 1 in Armour
 14051 | Lair:2   | Reached skill level 2 in Armour
 14184 | Lair:2   | Noticed a dire elephant
 14195 | Lair:2   | Reached skill level 3 in Armour
 14413 | Lair:2   | Reached skill level 4 in Armour
 14507 | Lair:2   | Reached skill level 5 in Armour
 14656 | Lair:2   | Noticed Fannar
 14670 | Lair:2   | Killed Fannar
 14671 | Lair:2   | Reached skill level 6 in Armour
 14843 | Lair:3   | Found a frozen archway.
 14857 | IceCv    | Entered an ice cave
 15221 | IceCv    | Identified a scarf of resistance
 15249 | IceCv    | Reached skill level 7 in Armour
 15284 | IceCv    | Reached XP level 14. HP: 81/81 MP: 14/14
 15375 | IceCv    | Reached skill level 8 in Armour
 15527 | IceCv    | Noticed a frost giant
 15548 | IceCv    | HP: 7/81 [frost giant/+0 battleaxe of freezing (42)]
 15552 | IceCv    | Killed from afar by a frost giant

Vanquished Creatures
  Fannar (Lair:2)
  Amaemon (D:8)
  2 manticores
  Maurice (D:8)
  11 elephants (Lair:2)
  A black mamba (Lair:2)
  An ice statue (IceCv)
  4 cane toads
  A rime drake (Lair:2)
  Psyche (D:8)
  3 kobold demonologists
  A komodo dragon (D:7)
  A troll (D:7)
  Prince Ribbit (D:7)
  8 polar bears
  6 blink frogs
  A spriggan (Lair:2)
  2 shadows (D:11)
  25 yaks
  3 wyverns
  Grum (D:8)
  2 steam dragons
  A vampire mosquito (D:11)
  A death yak simulacrum (Lair:3)
  A warg (D:7)
  4 water moccasins
  6 orc warriors
  3 ice beasts
  5 black bears
  4 ogres
  17 wolves
  6 centaurs
  A phantom (D:6)
  2 kobold brigands
  3 bullfrogs
  4 gnoll sergeants
  2 scorpions (D:5)
  A cane toad simulacrum (Lair:3)
  5 wights
  A troll zombie (D:11)
  10 killer bees
  9 howler monkeys
  2 electric eels (D:10)
  2 lava snakes (D:8)
  3 crimson imps (D:12)
  13 orc priests
  3 jellies
  2 gnoll boudas (D:7)
  9 hounds (D:7)
  A sleepcap (D:6)
  3 iguanas
  9 orc wizards
  A wolf simulacrum (Lair:3)
  4 ogre zombies (D:11)
  Robin (D:3)
  5 adders
  13 gnolls
  3 shadow imps
  4 white imps
  A worm (D:4)
  A dart slug (D:2)
  33 orcs
  6 ball pythons
  10 endoplasms
  4 giant cockroaches
  12 goblins
  10 hobgoblins
  6 jackals (D:1)
  17 kobolds
  4 quokkas
  11 bats
  3 frilled lizards
  A goblin skeleton (D:11)
  A goblin zombie (D:11)
  An orc skeleton (D:11)
  10 orc zombies (D:11)
  4 rats
377 creatures vanquished.

Vanquished Creatures (collateral kills)
  A two-headed ogre (D:9)
  An ugly thing (D:12)
  A black mamba (Lair:2)
  6 elephants (Lair:2)
  2 kobold demonologists
  An orange demon (D:8)
  2 blink frogs (Lair:1)
  A wyvern (Lair:2)
  A wraith (D:11)
  A basilisk (D:12)
  11 yaks
  A vampire mosquito (D:11)
  2 wargs (D:11)
  A water moccasin (Lair:1)
  A sky beast (D:8)
  2 ice beasts (D:10)
  A black bear (Lair:2)
  2 orc warriors
  2 ogres
  3 wolves
  3 centaurs
  2 bullfrogs
  4 wights
  A troll zombie (D:11)
  4 killer bees
  A howler monkey (D:8)
  3 crimson imps (D:12)
  2 hounds (D:7)
  3 orc priests (D:7)
  2 orc wizards
  2 ogre zombies (D:11)
  4 gnolls
  An ufetubus (D:10)
  6 orcs (D:7)
  2 hobgoblin zombies (D:11)
  A kobold (D:10)
  10 orc zombies (D:11)
94 creatures vanquished.

Vanquished Creatures (others)
  7 knights
  7 ancestors
  An orc (D:4)
15 creatures vanquished.

Grand Total: 486 creatures vanquished

Table legend: (Time is in decaauts)
 A = Elapsed time spent in this place.
 B = Non-inter-level travel time spent in this place.
 C = Inter-level travel time spent in this place.
 D = Time resting spent in this place.
 E = Time spent auto-exploring this place.
 F = Levels seen in this place.
 G = Mean time per level.
                   A        B        C        D        E       F      G
               +--------+--------+--------+--------+--------+-----+--------+
         Total |  15468 |  14774 |    694 |   1498 |   9401 |  17 |  909.9 |
       Dungeon |  12287 |  11676 |    611 |   1244 |   7505 |  12 | 1023.9 |
        Temple |     40 |     33 |      7 |      0 |     24 |   1 |   40.0 |
          Lair |   2467 |   2393 |     74 |      0 |   1691 |   3 |  822.3 |
      Ice Cave |    673 |    673 |      0 |    254 |    181 |   1 |  673.0 |
               +--------+--------+--------+--------+--------+-----+--------+

Top non-repeatable levels by time:
     D:7: 1764 daAuts
    D:10: 1389 daAuts
  Lair:2: 1387 daAuts
     D:8: 1352 daAuts
    D:11: 1121 daAuts
  Lair:1: 1015 daAuts
     D:9: 983 daAuts
     D:5: 967 daAuts
     D:1: 945 daAuts
     D:6: 919 daAuts
     D:2: 898 daAuts
     D:4: 882 daAuts
     D:3: 808 daAuts
   IceCv: 673 daAuts
    D:12: 252 daAuts

Table legend:
 A = Non-vault XP
 B = Vault XP
 C = Vault XP percentage of total XP
 D = Non-vault monster count
 E = Vault monster count
 F = Vault count percentage of total count
                 A         B        C        D         E       F
            +---------+---------+-------+---------+---------+-------
      Total |   25261 |   23886 |  48.6 |     279 |     192 |  40.8
            +---------+---------+-------+---------+---------+-------
        D:1 |      63 |       0 |   0.0 |      30 |       0 |   0.0
        D:2 |     118 |       0 |   0.0 |      19 |       0 |   0.0
        D:3 |     106 |      35 |  24.8 |      15 |      12 |  44.4
        D:4 |     401 |       0 |   0.0 |      23 |       0 |   0.0
        D:5 |     417 |       0 |   0.0 |       8 |       0 |   0.0
        D:6 |    1006 |       0 |   0.0 |      14 |       0 |   0.0
        D:7 |    1232 |    3247 |  72.5 |      21 |      52 |  71.2
        D:8 |    1718 |    2436 |  58.6 |      26 |       7 |  21.2
        D:9 |    2443 |       8 |   0.3 |      20 |       6 |  23.1
       D:10 |    2740 |     683 |  20.0 |      26 |       7 |  21.2
       D:11 |    2481 |    1427 |  36.5 |      21 |      45 |  68.2
       D:12 |    1495 |     329 |  18.0 |       8 |       9 |  52.9
     Lair:1 |    5243 |       0 |   0.0 |      26 |       0 |   0.0
     Lair:2 |    5798 |   10066 |  63.5 |      22 |      22 |  50.0
     Lair:3 |       0 |     296 | 100.0 |       0 |       3 | 100.0
      IceCv |       0 |    5359 | 100.0 |       0 |      29 | 100.0
            +---------+---------+-------+---------+---------+-------
